 Dungeon Crawl Stone Soup version 0.29.0-15-g675c0067aa (webtiles) character file.

Game seed: 1959672751528890074

114250 qw the Warrior (level 16, -4/156 (157) HPs)
             Began as a Minotaur Berserker on Sept 12, 2022.
             Was an Elder of Trog.
             Killed from afar by a hellephant (28 damage)
             ... with a blast of flame
             ... on level 1 of the Abyss.
             The game lasted 00:11:38 (31604 turns).

qw the Warrior (Minotaur Berserker)                Turns: 31604, Time: 00:11:38

HP:   -4/156 (157)  AC: 37    Str: 29    XL:     16   Next: 15%
MP:   15/15         EV: 11    Int: 12    God:    Trog [****..]
Gold: 595           SH: 20    Dex: 14    Spells: 15/15 levels left

rFire   . . .      SeeInvis .   a - +10 war axe of Massacring {vorpal, rC++ rN++}
rCold   + + +      Faith    .   A - +2 kite shield
rNeg    + + .      Spirit   .   m - +0 plate armour
rPois   +          Reflect  +   q - +1 hat
rElec   +          Harm     .   h - +2 cloak
rCorr   +          Rampage  .   p - +2 pair of gloves
Will    +....                   (no boots)
Stlth   ..........              B - amulet of reflection
HPRegen 0.36/turn               u - ring of the Tortoise {AC+8}
MPRegen 0.14/turn               n - ring "Ziluit" {rF- AC+4 Int+8 Dex+3 Slay+2}

@: about to teleport, resistant, on berserk cooldown, slowed, lightly drained,
very slow
A: horns 2, retaliatory headbutt
a: Renounce Religion, Berserk, Trog's Hand, Brothers in Arms


You were on level 1 of the Abyss.
You worshipped Trog.
Trog was greatly pleased with you.
You visited 3 branches of the dungeon, and saw 22 of its levels.
You visited the Abyss 1 time.

You collected 2296 gold pieces.
You spent 1701 gold pieces at shops.


Innate Abilities, Weirdness & Mutations

You have a pair of horns on your head.
You reflexively headbutt those who attack you in melee.


   Skills:
 - Level 18.0 Fighting
 - Level 16.1 Axes
 - Level 10.0 Throwing
 - Level 15.1 Armour
 - Level 9.1 Dodging
 + Level 15.6 Shields


You had 15 spell levels left.
You didn't know any spells.
Your spell library was empty.

Inventory:

Hand Weapons
 a - the +10 war axe of Massacring (weapon) {vorpal, rC++ rN++}
   (You acquired it on level 1 of the Dungeon)

   It inflicts extra damage upon your enemies.
   rC:        It greatly protects you from cold.
   rN:        It greatly protects you from negative energy.
 z - a +1 hand axe of flaming
Missiles
 f - 15 boomerangs
 k - 2 silver javelins
 l - 3 silver boomerangs
 r - 7 javelins (quivered)
Armour
 h - a +2 cloak (worn)
 j - a +5 plate armour of ponderousness
 m - a +0 plate armour (worn)
 p - a +2 pair of gloves (worn)
 q - a +1 hat (worn)
 A - a +2 kite shield (worn)
Jewellery
 n - the ring "Ziluit" (right hand) {rF- AC+4 Int+8 Dex+3 Slay+2}
   (You found it on level 10 of the Dungeon)

   [ring of protection]

   AC:        It affects your AC (+4).
   Int:       It affects your intelligence (+8).
   Dex:       It affects your dexterity (+3).
   Slay:      It affects your accuracy & damage with ranged weapons and melee
   (+2).
   rF:        It makes you vulnerable to fire.
 u - the ring of the Tortoise (left hand) {AC+8}
   (You found it on level 10 of the Dungeon)

   [ring of protection]

   AC:        It affects your AC (+8).
 v - a +4 ring of protection
 y - a ring of protection from fire
 B - an amulet of reflection (around neck)
 Y - a ring of poison resistance
Scrolls
 c - 5 scrolls of enchant weapon
 e - 16 scrolls of identify
 g - 7 scrolls of teleportation
Potions
 b - 2 potions of haste
 d - 14 potions of curing
 i - a potion of cancellation
 o - 6 potions of mutation
 w - a potion of might

Dungeon Overview and Level Annotations

Branches:
Dungeon (15/15)            Temple (0/1) D:4            Lair (5/5) D:9
 Shoals (0/4) Lair:3        Snake (0/4) Lair:2        Slime (0/5) Lair:5
    Orc (2/2) D:11            Elf (0/3) Orc:2        Vaults (0/5) D:13
 Depths (0/4) D:15

Altars:
Elyvilon
Fedhas
Kikubaaqudgha
Qazlal
Sif Muna
Uskayaw
Wu Jian
Xom
Zin
The Shining One
Jiyva

Shops:
D:6 *   D:11 =   D:12 **   Orc:1 =

Portals:
Trove: D:15 (give +7 demon trident)

Annotations:
D:9 1 transporter, qw's ghost, novice DsCA
D:11 1 runed translucent door, Xaxieg's ghost, journeyman GnSk
Orc:2 2 runed translucent doors, qw's ghost, adept MiBe


Message History

Your body is wracked with pain!
The freezing wraith closely misses you. The freezing wraith hits you.
You completely miss the worldbinder.
The worldbinder is almost destroyed.
You slash the necromancer! x2
You kill the necromancer!
The necromancer's corpse disappears in a puff of smoke!
You closely miss the freezing wraith.
The worldbinder hits you but does no damage.
You block the worldbinder's attack.
The necromancer gestures at you while chanting.
You resist with significant effort.
The freezing wraith hits you but does no damage. x2
You block the worldbinder's attack. x2
You completely miss the worldbinder. You headbutt the worldbinder.
You destroy the worldbinder!
Trog accepts your kill.
The necromancer disappears in a puff of smoke!
The freezing wraith disappears in a puff of smoke!
An ufetubus comes into view.
The hellephant breathes flames at you. The blast of flame hits you!!!
You hear a bark!
31602 ||| READING 8 scrolls of teleportation.
As you read the scroll of teleportation, it crumbles to dust.
You feel strangely unstable.
You feel the power of the Abyss delaying your translocation!
The ufetubus shouts!
You block the hellephant's attack. x2
The hellephant gores you but does no damage.
You slice the hellephant!! Your headbutt misses the hellephant.
The hellephant is lightly wounded.
The hellephant barely misses you.
The hellephant bites you but does no damage.
You block the hellephant's attack.
A raiju comes into view.
31604 ||| Stepping ~*~*~tactically~*~*~ (hiding).
The hellephant breathes flames at you. The blast of flame hits you!!
You die...

.#.### #.. .## # #
###..#..###.#.. #
..# ##.##.##... .
...##....#...
.#.#....#...## # .
..............#...#
#......#.5Y..h# .
......%#@#....# ..
..#.....#.....#
#..# #.#.#...#...#
. #.# #.###....#
#.. #.### .. ... ..
..## ... .}... # ..
#


You could see a hellephant (catching breath), a raiju and an ufetubus.

Vanquished Creatures
  Rupert (Orc:2)
  Gastronok (D:11)
  Donald (Orc:2)
  4 orc warlords
  Azrael (Orc:1)
  A fire dragon (D:15)
  4 vault guards (D:13)
  A rakshasa (D:15)
  An ice dragon (D:15)
  3 catoblepae (Lair:5)
  6 hydras
  4 boulder beetles
  9 two-headed ogres
  5 centaur warriors
  2 ogre magi
  8 death yaks
  2 tengu warriors
  An orc high priest (Orc:1)
  2 thrashing horrors (Abyss:1)
  Urug (D:11)
  A wretched star (Abyss:1)
  A deep elf knight (D:13)
  A sun demon (Abyss:1)
  Sonja (Lair:2)
  2 sixfirhies (Abyss:1)
  A deep elf archer (Orc:1)
  A deep elf zephyrmancer (Orc:1)
  A wizard (D:13)
  8 orc knights
  A deep elf pyromancer (D:12)
  6 cyclopes
  A worldbinder (Abyss:1)
  6 orc sorcerers
  6 manticores
  15 ugly things (D:14)
  A large abomination (Abyss:1)
  14 elephants
  Maurice (D:11)
  An apocalypse crab (Abyss:1)
  A gargoyle (D:10)
  11 cane toads
  3 rime drakes
  3 black mambas
  5 unseen horrors
  An eye of devastation (Abyss:1)
  A molten gargoyle (Lair:3)
  A freezing wraith (D:15)
  3 yaktaurs
  An efreet (D:14)
  7 komodo dragons
  An ancient zyme (Abyss:1)
  6 meliai
  5 trolls
  A queen bee (D:13)
  2 polar bears
  9 slime creatures
  Grinder (D:4)
  20 blink frogs
  A snapping turtle (Lair:3)
  3 raiju (Abyss:1)
  4 shadows
  4 wraiths
  A spriggan (shapeshifter) (D:14)
  A centaur simulacrum (D:11)
  A water elemental (D:13)
  45 yaks
  6 fire elementals (Orc:1)
  2 vampires
  4 wyverns
  5 steam dragons
  5 basilisks
  8 wargs
  3 nagas (Lair:2)
  3 small abominations (Abyss:1)
  17 water moccasins
  2 acid dragons
  A hell hound (Orc:1)
  A black bear (Lair:4)
  31 orc warriors
  2 sky beasts (D:7)
  2 ice beasts (D:11)
  17 ogres
  15 centaurs
  6 wolves
  9 kobold brigands
  11 bullfrogs
  2 necrophages
  2 scorpions
  A gnoll sergeant (D:11)
  7 wights
  30 killer bees
  5 electric eels
  7 howler monkeys
  A lava snake (Lair:3)
  6 jellies
  4 hounds
  3 gnoll boudas
  3 iguanas
  17 orc priests
  Jessica (D:2)
  17 orc wizards
  6 hell rats (Lair:4)
  A boggart simulacrum (D:11)
  14 gnolls
  9 adders
  4 shadow imps
  6 white imps
  4 ufetubi
  4 worms
  2 dart slugs
  90 orcs
  3 endoplasms
  A giant cockroach (D:4)
  6 hobgoblins
  4 jackals (D:3)
  4 quokkas
  10 ball pythons
  A bat (D:1)
  3 frilled lizards
  14 goblins
  12 kobolds
  7 rats
730 creatures vanquished.

Vanquished Creatures (collateral kills)
  2 boulder beetles (D:14)
  A hydra (D:10)
  A deep elf zephyrmancer (Orc:1)
  3 ugly things (D:14)
  A fire elemental (Orc:1)
  3 orc warriors (Orc:1)
  An orc priest (Orc:1)
  An orc wizard (Orc:1)
  2 gnolls (Orc:1)
  An orc (Orc:1)
16 creatures vanquished.

Vanquished Creatures (others)
  A vampire (D:13)
  14 fungi
  54 plants
69 creatures vanquished.

Grand Total: 815 creatures vanquished

Notes
Turn   | Place    | Note
-------+----------+-------------------------------------------
     0 | D:1      | qw the Minotaur Berserker began the quest for the Orb.
     0 | D:1      | Reached XP level 1. HP: 19/19 MP: 0/0
     0 | D:1      | 0 ||| qw: Version: 0.1-a-119-g272c26d
     0 | D:1      | 0 ||| qw: Game counter: 10941
     0 | D:1      | 0 ||| qw: Always use a shield: true
     0 | D:1      | 0 ||| qw: Do Orc after D:15 true
     0 | D:1      | 0 ||| qw: Do second Lair branch before Depths: true
     0 | D:1      | 0 ||| qw: Lair rune preference: random
     0 | D:1      | 0 ||| qw: Plans: Normal
     0 | D:1      | 0 ||| PLANNING D:1-11
   219 | D:1      | 219 ||| Stepping ~*~*~tactically~*~*~ (stealth).
   388 | D:1      | Reached XP level 2. HP: 26/26 MP: 1/1
   515 | D:1      | Reached ** piety under Trog
   544 | D:1      | 544 ||| Stepping ~*~*~tactically~*~*~ (stealth).
  1051 | D:1      | 1051 ||| UPGRADING to +0 leather armour.
  1061 | D:1      | 1061 ||| DROPPING +0 animal skin.
  1062 | D:1      | 1062 ||| READING scroll labelled YMPONE CEUGUZ.
  1063 | D:1      | 1063 ||| READING 5 scrolls labelled QUYMEKK BAGRYPP.
  1064 | D:1      | 1064 ||| READING scroll labelled YGUUGI HUAMIRGH.
  1065 | D:1      | 1065 ||| READING scroll labelled LOTU HEF WIOBB.
  1065 | D:1      | Identified a scroll of acquirement
  1065 | D:1      | 1065 ||| ACQUIRING +10 war axe of Massacring {vorpal, rC++
                  | rN++}
  1065 | D:1      | Acquired the +10 war axe of Massacring {vorpal, rC++ rN++}
  1067 | D:1      | 1067 ||| SWAPPING to +10 war axe of Massacring {vorpal,
                  | rC++ rN++}.
  1068 | D:1      | 1068 ||| DROPPING +0 hand axe.
  1069 | D:1      | 1069 ||| READING 4 scrolls of identify.
  1069 | D:1      | 1069 ||| IDENTIFYING grey potion
  1157 | D:2      | 1157 ||| DROPPING +0 club.
  1178 | D:2      | Reached XP level 3. HP: 22/31 MP: 2/2
  1343 | D:2      | 1343 ||| INVOKING Berserk.
  1500 | D:2      | 1500 ||| FLEEEEING.
  1501 | D:2      | 1501 ||| FLEEEEING.
  1502 | D:2      | 1502 ||| FLEEEEING.
  1503 | D:2      | 1503 ||| FLEEEEING.
  1504 | D:2      | 1504 ||| FLEEEEING.
  1505 | D:2      | 1505 ||| FLEEEEING.
  1506 | D:2      | 1506 ||| FLEEEEING.
  1507 | D:2      | 1507 ||| FLEEEEING.
  1508 | D:2      | 1508 ||| FLEEEEING.
  1509 | D:2      | 1509 ||| FLEEEEING.
  1510 | D:2      | 1510 ||| FLEEEEING.
  1517 | D:2      | 1517 ||| FLEEEEING.
  1518 | D:2      | 1518 ||| FLEEEEING.
  1519 | D:2      | 1519 ||| FLEEEEING.
  1520 | D:2      | 1520 ||| FLEEEEING.
  1521 | D:2      | 1521 ||| FLEEEEING.
  1522 | D:2      | 1522 ||| FLEEEEING.
  1523 | D:2      | 1523 ||| FLEEEEING.
  1524 | D:2      | 1524 ||| FLEEEEING.
  1535 | D:2      | 1535 ||| FLEEEEING.
  1536 | D:2      | 1536 ||| FLEEEEING.
  1537 | D:2      | 1537 ||| FLEEEEING.
  1538 | D:2      | 1538 ||| FLEEEEING.
  1539 | D:2      | 1539 ||| FLEEEEING.
  1540 | D:2      | 1540 ||| FLEEEEING.
  1542 | D:2      | 1542 ||| FLEEEEING.
  1543 | D:2      | 1543 ||| FLEEEEING.
  1545 | D:2      | 1545 ||| FLEEEEING.
  1547 | D:2      | 1547 ||| FLEEEEING.
  1548 | D:2      | 1548 ||| FLEEEEING.
  1549 | D:2      | 1549 ||| FLEEEEING.
  1550 | D:2      | 1550 ||| FLEEEEING.
  1551 | D:2      | 1551 ||| FLEEEEING.
  1552 | D:2      | 1552 ||| FLEEEEING.
  1553 | D:2      | 1553 ||| FLEEEEING.
  1561 | D:2      | 1561 ||| FLEEEEING.
  1562 | D:2      | 1562 ||| FLEEEEING.
  1563 | D:2      | 1563 ||| FLEEEEING.
  1564 | D:2      | 1564 ||| FLEEEEING.
  1565 | D:2      | 1565 ||| FLEEEEING.
  1566 | D:2      | 1566 ||| FLEEEEING.
  1568 | D:2      | 1568 ||| FLEEEEING.
  1569 | D:2      | 1569 ||| FLEEEEING.
  1571 | D:2      | 1571 ||| FLEEEEING.
  1572 | D:2      | 1572 ||| FLEEEEING.
  1574 | D:2      | 1574 ||| FLEEEEING.
  1575 | D:2      | 1575 ||| FLEEEEING.
  1694 | D:2      | 1694 ||| INVOKING Berserk.
  1831 | D:2      | Found a faded altar of an unknown god.
  1832 | D:2      | Noticed Jessica
  1837 | D:2      | Killed Jessica
  1838 | D:2      | Reached skill level 6 in Axes
  1838 | D:2      | Reached XP level 4. HP: 39/39 MP: 3/3
  2068 | D:2      | 2068 ||| UPGRADING to +0 ring mail.
  2078 | D:2      | 2078 ||| DROPPING +0 leather armour.
  2079 | D:2      | 2079 ||| READING 2 scrolls labelled ARUEWK COUCOLARRA.
  2080 | D:2      | 2080 ||| READING 2 scrolls labelled YZIUSK OXTEZAP.
  2085 | D:2      | 2085 ||| READING scroll labelled AJYGRO ROIM.
  2086 | D:2      | 2086 ||| READING 6 scrolls of identify.
  2086 | D:2      | 2086 ||| IDENTIFYING metallic red potion
  2087 | D:2      | 2087 ||| DROPPING scroll of blinking.
  2116 | D:3      | 2116 ||| Stepping ~*~*~tactically~*~*~ (stealth).
  2124 | D:3      | 2124 ||| INVOKING Berserk.
  2132 | D:3      | 2132 ||| FLEEEEING.
  2133 | D:3      | 2133 ||| FLEEEEING.
  2135 | D:3      | 2135 ||| STAIRDANCE
  2331 | D:3      | 2331 ||| Stepping ~*~*~tactically~*~*~ (hiding).
  2342 | D:3      | Reached XP level 5. HP: 45/45 MP: 4/4
  2584 | D:3      | Found an ornate altar of the Wu Jian Council.
  2585 | D:3      | 2585 ||| Stepping ~*~*~tactically~*~*~ (stealth).
  2616 | D:3      | Reached *** piety under Trog
  2617 | D:3      | Reached skill level 4 in Fighting
  2940 | D:3      | 2940 ||| UPGRADING to +0 chain mail.
  2950 | D:3      | 2950 ||| DROPPING +0 ring mail.
  2951 | D:3      | 2951 ||| UPGRADING to ring of protection from cold.
  2952 | D:3      | 2952 ||| DRINKING 3 golden potions.
  3053 | D:3      | 3053 ||| READING 5 scrolls of identify.
  3053 | D:3      | 3053 ||| IDENTIFYING fizzy cyan potion
  3054 | D:3      | 3054 ||| READING 4 scrolls of identify.
  3054 | D:3      | 3054 ||| IDENTIFYING coppery potion
  3055 | D:3      | 3055 ||| READING 3 scrolls of identify.
  3055 | D:3      | 3055 ||| IDENTIFYING metallic inky potion
  3056 | D:3      | 3056 ||| DROPPING potion of attraction.
  3057 | D:3      | 3057 ||| DROPPING potion of degeneration.
  3058 | D:3      | 3058 ||| DROPPING 2 potions of ambrosia.
  3059 | D:3      | 3059 ||| DROPPING potion of berserk rage.
  3168 | D:4      | 3168 ||| Stepping ~*~*~tactically~*~*~ (stealth).
  3176 | D:4      | Found a staircase to the Ecumenical Temple.
  3213 | D:4      | 3213 ||| Stepping ~*~*~tactically~*~*~ (stealth).
  3214 | D:4      | 3214 ||| Stepping ~*~*~tactically~*~*~ (stealth).
  3216 | D:4      | 3216 ||| Stepping ~*~*~tactically~*~*~ (stealth).
  3223 | D:4      | 3223 ||| Stepping ~*~*~tactically~*~*~ (stealth).
  3399 | D:4      | 3399 ||| DROPPING +0 mace.
  3402 | D:4      | 3402 ||| Stepping ~*~*~tactically~*~*~ (stealth).
  3403 | D:4      | 3403 ||| Stepping ~*~*~tactically~*~*~ (stealth).
  3410 | D:4      | Reached XP level 6. HP: 52/52 MP: 5/5
  3429 | D:4      | 3429 ||| Stepping ~*~*~tactically~*~*~ (hiding).
  3455 | D:4      | Noticed Grinder
  3456 | D:4      | 3456 ||| INVOKING Trog's Hand.
  3459 | D:4      | 3459 ||| INVOKING Berserk.
  3466 | D:4      | Killed Grinder
  3467 | D:4      | Reached skill level 9 in Axes
  3467 | D:4      | Reached XP level 7. HP: 59/59 MP: 6/6
  3671 | D:4      | 3671 ||| READING scroll labelled WIBLIU QAGULIA.
  3672 | D:4      | 3672 ||| READING scroll labelled IQUUXZI DOZOLI.
  3673 | D:4      | 3673 ||| READING scroll labelled TAETUA DESHEOD.
  3674 | D:4      | 3674 ||| DRINKING 2 fizzy orange potions.
  3675 | D:4      | 3675 ||| DROPPING potion of flight.
  3687 | D:5      | Entered Level 5 of the Dungeon
  3825 | D:5      | 3825 ||| INVOKING Berserk.
  4099 | D:5      | Reached skill level 5 in Fighting
  4238 | D:5      | 4238 ||| Stepping ~*~*~tactically~*~*~ (hiding).
  4239 | D:5      | 4239 ||| Stepping ~*~*~tactically~*~*~ (hiding).
  4360 | D:5      | 4360 ||| Stepping ~*~*~tactically~*~*~ (hiding).
  4362 | D:5      | 4362 ||| Stepping ~*~*~tactically~*~*~ (hiding).
  4363 | D:5      | 4363 ||| Stepping ~*~*~tactically~*~*~ (hiding).
  4364 | D:5      | 4364 ||| Stepping ~*~*~tactically~*~*~ (hiding).
  4486 | D:5      | 4486 ||| Stepping ~*~*~tactically~*~*~ (hiding).
  4490 | D:5      | 4490 ||| INVOKING Berserk.
  4492 | D:5      | Reached skill level 3 in Armour
  4744 | D:5      | Found a hide-covered altar of Uskayaw.
  4836 | D:5      | Found a blossoming altar of Fedhas.
  4862 | D:5      | 4862 ||| Stepping ~*~*~tactically~*~*~ (hiding).
  5254 | D:5      | 5254 ||| READING 7 scrolls of identify.
  5254 | D:5      | 5254 ||| IDENTIFYING fuming green potion
  5299 | D:6      | 5299 ||| STAIRDANCE
  5318 | D:6      | 5318 ||| STAIRDANCE
  5362 | D:6      | 5362 ||| STAIRDANCE
  5373 | D:6      | Reached skill level 6 in Fighting
  5456 | D:6      | 5456 ||| INVOKING Berserk.
  5459 | D:6      | Reached XP level 8. HP: 71/71 MP: 7/7
  5491 | D:6      | 5491 ||| Stepping ~*~*~tactically~*~*~ (stealth).
  5492 | D:6      | 5492 ||| Stepping ~*~*~tactically~*~*~ (stealth).
  5493 | D:6      | 5493 ||| FLEEEEING.
  5498 | D:6      | 5498 ||| FLEEEEING.
  5499 | D:6      | 5499 ||| FLEEEEING.
  5500 | D:6      | 5500 ||| FLEEEEING.
  5501 | D:6      | 5501 ||| FLEEEEING.
  5502 | D:6      | 5502 ||| FLEEEEING.
  5503 | D:6      | 5503 ||| FLEEEEING.
  5504 | D:6      | 5504 ||| FLEEEEING.
  5505 | D:6      | 5505 ||| FLEEEEING.
  5595 | D:6      | 5595 ||| INVOKING Berserk.
  5783 | D:6      | Found a shimmering blue altar of Sif Muna.
  6061 | D:6      | Found Aptul's General Store.
  6064 | D:6      | 6064 ||| BUYING potion of cancellation (112 gold).
  6064 | D:6      | Bought a potion of cancellation for 112 gold pieces
  6064 | D:6      | 6064 ||| BUYING scroll of identify (28 gold).
  6064 | D:6      | Bought a scroll of identify for 28 gold pieces
  6064 | D:6      | 6064 ||| BUYING scroll of teleportation (42 gold).
  6064 | D:6      | Bought a scroll of teleportation for 42 gold pieces
  6064 | D:6      | 6064 ||| BUYING scroll of teleportation (42 gold).
  6064 | D:6      | Bought a scroll of teleportation for 42 gold pieces
  6217 | D:6      | Found an ancient bone altar of Kikubaaqudgha.
  6217 | D:6      | Found a glowing golden altar of the Shining One.
  6302 | D:6      | 6302 ||| READING scroll labelled XIATERR MAHOIL.
  6303 | D:6      | 6303 ||| READING scroll labelled KOETID HUVVYM.
  6304 | D:6      | 6304 ||| READING 9 scrolls of identify.
  6304 | D:6      | 6304 ||| IDENTIFYING clear potion
  6305 | D:6      | 6305 ||| DROPPING potion of magic.
  6429 | D:7      | Found a flagged portal.
  6432 | D:7      | 6432 ||| Stepping ~*~*~tactically~*~*~ (hiding).
  6435 | D:7      | 6435 ||| Stepping ~*~*~tactically~*~*~ (hiding).
  6438 | D:7      | 6438 ||| INVOKING Berserk.
  6442 | D:7      | Reached skill level 1 in Throwing
  6546 | D:7      | 6546 ||| Stepping ~*~*~tactically~*~*~ (stealth).
  6547 | D:7      | 6547 ||| Stepping ~*~*~tactically~*~*~ (stealth).
  6690 | D:7      | 6690 ||| INVOKING Berserk.
  6692 | D:7      | Reached skill level 12 in Axes
  6812 | D:7      | 6812 ||| Stepping ~*~*~tactically~*~*~ (stealth).
  6816 | D:7      | 6816 ||| Stepping ~*~*~tactically~*~*~ (stealth).
  6823 | D:7      | 6823 ||| Stepping ~*~*~tactically~*~*~ (hiding).
  6829 | D:7      | Reached **** piety under Trog
  6830 | D:7      | Reached skill level 7 in Fighting
  7091 | D:7      | Reached XP level 9. HP: 64/79 MP: 8/8
  7091 | D:7      | 7091 ||| FLEEEEING.
  7408 | D:7      | 7408 ||| DROPPING ring of protection from cold.
  7409 | D:7      | 7409 ||| UPGRADING to +4 ring of protection.
  7410 | D:7      | 7410 ||| READING scroll labelled IGGUCE ORECRUE.
  7411 | D:7      | 7411 ||| DRINKING 2 emerald potions.
  7442 | D:7      | 7442 ||| DROPPING potion of lignification.
  7489 | D:8      | 7489 ||| STAIRDANCE
  7494 | D:8      | 7494 ||| STAIRDANCE
  7584 | D:8      | 7584 ||| Stepping ~*~*~tactically~*~*~ (stealth).
  7588 | D:8      | 7588 ||| INVOKING Berserk.
  7681 | D:8      | 7681 ||| Stepping ~*~*~tactically~*~*~ (stealth).
  7685 | D:8      | 7685 ||| Stepping ~*~*~tactically~*~*~ (hiding).
  7691 | D:8      | 7691 ||| INVOKING Berserk.
  7847 | D:8      | 7847 ||| FLEEEEING.
  7848 | D:8      | 7848 ||| FLEEEEING.
  7849 | D:8      | 7849 ||| FLEEEEING.
  7852 | D:8      | 7852 ||| FLEEEEING.
  7853 | D:8      | 7853 ||| FLEEEEING.
  7854 | D:8      | 7854 ||| FLEEEEING.
  7855 | D:8      | 7855 ||| FLEEEEING.
  7856 | D:8      | 7856 ||| FLEEEEING.
  7857 | D:8      | 7857 ||| FLEEEEING.
  7858 | D:8      | 7858 ||| FLEEEEING.
  7859 | D:8      | 7859 ||| STAIRDANCE
  7961 | D:7      | 7961 ||| UPGRADING to +0 plate armour.
  7971 | D:7      | 7971 ||| DROPPING +0 chain mail.
  7974 | D:8      | 7974 ||| STAIRDANCE
  8038 | D:8      | 8038 ||| STAIRDANCE
  8048 | D:8      | 8048 ||| STAIRDANCE
  8065 | D:8      | 8065 ||| STAIRDANCE
  8072 | D:8      | 8072 ||| STAIRDANCE
  8076 | D:7      | Reached skill level 8 in Fighting
  8220 | D:8      | 8220 ||| STAIRDANCE
  8632 | D:9      | Found a staircase to the Lair.
  8635 | D:9      | 8635 ||| STAIRDANCE
  8722 | D:9      | Reached skill level 6 in Armour
  8774 | D:9      | Noticed a two-headed ogre
  8775 | D:9      | 8775 ||| INVOKING Berserk.
  8778 | D:9      | Killed a two-headed ogre
  8923 | D:9      | 8923 ||| Stepping ~*~*~tactically~*~*~ (stealth).
  8928 | D:9      | 8928 ||| Stepping ~*~*~tactically~*~*~ (hiding).
  8931 | D:9      | 8931 ||| Stepping ~*~*~tactically~*~*~ (hiding).
  9053 | D:9      | You fall into a shaft and drop 3 floors!
  9065 | D:12     | Noticed a manticore
  9066 | D:12     | 9066 ||| Stepping ~*~*~tactically~*~*~ (hiding).
  9070 | D:12     | 9070 ||| INVOKING Berserk.
  9073 | D:12     | Killed a manticore
  9074 | D:12     | Reached XP level 10. HP: 88/88 MP: 9/9
  9201 | D:12     | Identified the +11 whip "Giantslayer" {venom, rPois Int+3}
  9203 | D:12     | 9203 ||| DROPPING +0 flail.
  9234 | D:12     | 9234 ||| Stepping ~*~*~tactically~*~*~ (hiding).
  9251 | D:12     | Reached skill level 15 in Axes
  9313 | D:12     | 9313 ||| Stepping ~*~*~tactically~*~*~ (hiding).
  9333 | D:12     | Found Kooqyif's Changing Room.
  9356 | D:12     | 9356 ||| BUYING potion of mutation (104 gold).
  9356 | D:12     | Bought a potion of mutation for 104 gold pieces
  9356 | D:12     | 9356 ||| BUYING potion of mutation (104 gold).
  9356 | D:12     | Bought a potion of mutation for 104 gold pieces
  9356 | D:12     | 9356 ||| BUYING potion of mutation (104 gold).
  9356 | D:12     | Bought a potion of mutation for 104 gold pieces
  9378 | D:12     | Noticed a cyclops
  9386 | D:12     | 9386 ||| INVOKING Berserk.
  9390 | D:12     | Killed a cyclops
  9391 | D:12     | Reached skill level 9 in Fighting
  9741 | D:12     | Noticed a manticore
  9744 | D:12     | Noticed a manticore
  9745 | D:12     | 9745 ||| INVOKING Berserk.
  9749 | D:12     | Killed a manticore
  9757 | D:12     | Killed a manticore
 10010 | D:12     | 10010 ||| READING scroll labelled UNIOKK XIOWKU.
 10024 | D:11     | 10024 ||| INVOKING Berserk.
 10167 | D:11     | 10167 ||| INVOKING Berserk.
 10264 | D:11     | Noticed a two-headed ogre
 10267 | D:11     | 10267 ||| Stepping ~*~*~tactically~*~*~ (water).
 10268 | D:11     | 10268 ||| INVOKING Berserk.
 10270 | D:11     | Killed a two-headed ogre
 10375 | D:10     | Entered Level 10 of the Dungeon
 10433 | D:9      | 10433 ||| INVOKING Berserk.
 10435 | D:9      | Reached skill level 3 in Dodging
 10571 | D:9      | 10571 ||| INVOKING Berserk.
 10741 | D:9      | Reached skill level 10 in Fighting
 11001 | D:9      | Found a transporter.
 11003 | D:9      | Noticed qw's ghost (novice DsCA)
 11004 | D:9      | Identified the +1 great mace of Blood-Lust {vorpal, rF+ rC+
                  | rN++ Will+}
 11004 | D:9      | Noticed a two-headed ogre
 11004 | D:9      | Noticed a two-headed ogre
 11006 | D:9      | Noticed a two-headed ogre
 11007 | D:9      | Noticed a two-headed ogre
 11010 | D:9      | 11010 ||| INVOKING Berserk.
 11223 | D:9      | 11223 ||| INVOKING Berserk.
 11326 | D:9      | 11326 ||| Stepping ~*~*~tactically~*~*~ (stealth).
 11366 | D:9      | Reached XP level 11. HP: 99/99 MP: 10/10
 11374 | D:9      | 11374 ||| Stepping ~*~*~tactically~*~*~ (hiding).
 11377 | D:9      | 11377 ||| INVOKING Berserk.
 11542 | D:9      | 11542 ||| Stepping ~*~*~tactically~*~*~ (hiding).
 11545 | D:9      | 11545 ||| INVOKING Berserk.
 11663 | D:9      | 11663 ||| PLANNING LAIR
 11663 | D:9      | 11663 ||| READING scroll labelled YMMIAR MIUTI.
 11664 | D:9      | 11664 ||| READING 9 scrolls of identify.
 11664 | D:9      | 11664 ||| IDENTIFYING glowing ruby potion
 11665 | D:9      | 11665 ||| DROPPING potion of invisibility.
 11704 | Lair:1   | Entered Level 1 of the Lair of Beasts
 11708 | Lair:1   | 11708 ||| INVOKING Berserk.
 11858 | Lair:1   | 11858 ||| Stepping ~*~*~tactically~*~*~ (hiding).
 11933 | Lair:1   | 11933 ||| INVOKING Berserk.
 11937 | Lair:1   | Reached skill level 11 in Fighting
 12062 | Lair:1   | 12062 ||| Stepping ~*~*~tactically~*~*~ (stealth).
 12064 | Lair:1   | 12064 ||| INVOKING Berserk.
 12074 | Lair:1   | Reached skill level 9 in Armour
 12122 | Lair:1   | 12122 ||| INVOKING Berserk.
 12235 | Lair:1   | 12235 ||| INVOKING Berserk.
 12370 | Lair:1   | Reached skill level 12 in Fighting
 12618 | Lair:1   | 12618 ||| INVOKING Berserk.
 12914 | Lair:1   | 12914 ||| INVOKING Berserk.
 13307 | Lair:1   | 13307 ||| UPGRADING to +2 cloak.
 13520 | Lair:2   | 13520 ||| Stepping ~*~*~tactically~*~*~ (stealth).
 13522 | Lair:2   | 13522 ||| Stepping ~*~*~tactically~*~*~ (stealth).
 13524 | Lair:2   | 13524 ||| Stepping ~*~*~tactically~*~*~ (stealth).
 13528 | Lair:2   | 13528 ||| FLEEEEING.
 13529 | Lair:2   | 13529 ||| FLEEEEING.
 13530 | Lair:2   | 13530 ||| FLEEEEING.
 13531 | Lair:2   | 13531 ||| FLEEEEING.
 13532 | Lair:2   | 13532 ||| FLEEEEING.
 13533 | Lair:2   | 13533 ||| FLEEEEING.
 13534 | Lair:2   | 13534 ||| FLEEEEING.
 13535 | Lair:2   | 13535 ||| FLEEEEING.
 13536 | Lair:2   | 13536 ||| FLEEEEING.
 13537 | Lair:2   | 13537 ||| FLEEEEING.
 13538 | Lair:2   | 13538 ||| FLEEEEING.
 13544 | Lair:2   | 13544 ||| Stepping ~*~*~tactically~*~*~ (stealth).
 13548 | Lair:2   | 13548 ||| FLEEEEING.
 13549 | Lair:2   | 13549 ||| FLEEEEING.
 13550 | Lair:2   | 13550 ||| FLEEEEING.
 13551 | Lair:2   | 13551 ||| FLEEEEING.
 13552 | Lair:2   | 13552 ||| FLEEEEING.
 13553 | Lair:2   | 13553 ||| FLEEEEING.
 13710 | Lair:2   | 13710 ||| INVOKING Berserk.
 13827 | Lair:2   | Noticed Sonja
 13837 | Lair:2   | Killed Sonja
 13850 | Lair:2   | 13850 ||| FLEEEEING.
 14041 | Lair:2   | 14041 ||| Stepping ~*~*~tactically~*~*~ (hiding).
 14069 | Lair:2   | 14069 ||| Stepping ~*~*~tactically~*~*~ (stealth).
 14071 | Lair:2   | 14071 ||| Stepping ~*~*~tactically~*~*~ (hiding).
 14122 | Lair:2   | 14122 ||| FLEEEEING.
 14197 | Lair:2   | Found a staircase to the Snake Pit.
 14347 | Lair:2   | 14347 ||| INVOKING Berserk.
 14350 | Lair:2   | Reached skill level 13 in Fighting
 14598 | Lair:2   | You fall into a shaft and drop 1 floor!
 14609 | Lair:3   | 14609 ||| Stepping ~*~*~tactically~*~*~ (stealth).
 14611 | Lair:3   | 14611 ||| INVOKING Berserk.
 14623 | Lair:3   | Reached XP level 12. HP: 115/115 MP: 11/11
 14729 | Lair:3   | 14729 ||| INVOKING Berserk.
 14917 | Lair:3   | Noticed a seven-headed hydra
 14919 | Lair:3   | 14919 ||| INVOKING Berserk.
 14924 | Lair:3   | Reached skill level 3 in Throwing
 14925 | Lair:3   | Killed a nine-headed hydra
 15046 | Lair:3   | 15046 ||| Stepping ~*~*~tactically~*~*~ (stealth).
 15052 | Lair:3   | 15052 ||| Stepping ~*~*~tactically~*~*~ (stealth).
 15056 | Lair:3   | 15056 ||| Stepping ~*~*~tactically~*~*~ (water).
 15201 | Lair:3   | 15201 ||| UPGRADING to +0 pair of gloves.
 15206 | Lair:3   | 15206 ||| READING scroll labelled ZIHUH NUEDI.
 15746 | Lair:3   | 15746 ||| FLEEEEING.
 15747 | Lair:3   | 15747 ||| FLEEEEING.
 15748 | Lair:3   | 15748 ||| FLEEEEING.
 15749 | Lair:3   | 15749 ||| FLEEEEING.
 15750 | Lair:3   | 15750 ||| FLEEEEING.
 15751 | Lair:3   | 15751 ||| FLEEEEING.
 15752 | Lair:3   | 15752 ||| STAIRDANCE
 15803 | Lair:3   | 15803 ||| INVOKING Berserk.
 15812 | Lair:3   | 15812 ||| STAIRDANCE
 16109 | Lair:3   | 16109 ||| INVOKING Berserk.
 16286 | Lair:3   | Noticed a death yak
 16288 | Lair:3   | 16288 ||| Stepping ~*~*~tactically~*~*~ (stealth).
 16289 | Lair:3   | 16289 ||| Stepping ~*~*~tactically~*~*~ (stealth).
 16290 | Lair:3   | 16290 ||| INVOKING Berserk.
 16293 | Lair:3   | Killed a death yak
 16294 | Lair:3   | Reached skill level 12 in Armour
 16313 | Lair:3   | Noticed a seven-headed hydra
 16314 | Lair:3   | 16314 ||| Stepping ~*~*~tactically~*~*~ (stealth).
 16316 | Lair:3   | 16316 ||| FLEEEEING.
 16317 | Lair:3   | 16317 ||| FLEEEEING.
 16320 | Lair:3   | 16320 ||| FLEEEEING.
 16321 | Lair:3   | 16321 ||| FLEEEEING.
 16322 | Lair:3   | 16322 ||| INVOKING Brothers in Arms.
 16323 | Lair:3   | 16323 ||| INVOKING Brothers in Arms.
 16324 | Lair:3   | 16324 ||| INVOKING Brothers in Arms.
 16325 | Lair:3   | 16325 ||| SWAPPING to +11 whip "Giantslayer" {venom, rPois
                  | Int+3, mikee}.
 16326 | Lair:3   | 16326 ||| INVOKING Berserk.
 16329 | Lair:3   | Killed a seven-headed hydra
 16330 | Lair:3   | Reached skill level 6 in Throwing
 16354 | Lair:3   | 16354 ||| SWAPPING to +10 war axe of Massacring {vorpal,
                  | rC++ rN++}.
 16561 | Lair:3   | 16561 ||| INVOKING Berserk.
 16699 | Lair:3   | 16699 ||| Stepping ~*~*~tactically~*~*~ (hiding).
 17015 | Lair:3   | Found a staircase to the Shoals.
 17108 | Lair:3   | 17108 ||| UPGRADING to +6 ring of strength.
 17110 | Lair:3   | 17110 ||| DROPPING ring of protection from cold.
 17111 | Lair:3   | 17111 ||| READING 9 scrolls of identify.
 17111 | Lair:3   | 17111 ||| IDENTIFYING fuming dark potion
 17152 | Lair:4   | 17152 ||| Stepping ~*~*~tactically~*~*~ (stealth).
 17192 | Lair:4   | 17192 ||| Stepping ~*~*~tactically~*~*~ (stealth).
 17193 | Lair:4   | 17193 ||| Stepping ~*~*~tactically~*~*~ (stealth).
 17194 | Lair:4   | 17194 ||| Stepping ~*~*~tactically~*~*~ (stealth).
 17195 | Lair:4   | 17195 ||| Stepping ~*~*~tactically~*~*~ (stealth).
 17196 | Lair:4   | 17196 ||| Stepping ~*~*~tactically~*~*~ (stealth).
 17224 | Lair:4   | 17224 ||| Stepping ~*~*~tactically~*~*~ (stealth).
 17233 | Lair:4   | 17233 ||| Stepping ~*~*~tactically~*~*~ (stealth).
 17234 | Lair:4   | 17234 ||| Stepping ~*~*~tactically~*~*~ (stealth).
 17235 | Lair:4   | 17235 ||| Stepping ~*~*~tactically~*~*~ (stealth).
 17265 | Lair:4   | Reached skill level 14 in Fighting
 17281 | Lair:4   | Reached skill level 6 in Dodging
 17285 | Lair:4   | 17285 ||| FLEEEEING.
 17286 | Lair:4   | 17286 ||| FLEEEEING.
 17289 | Lair:4   | 17289 ||| FLEEEEING.
 17290 | Lair:4   | 17290 ||| FLEEEEING.
 17291 | Lair:4   | 17291 ||| FLEEEEING.
 17292 | Lair:4   | 17292 ||| FLEEEEING.
 17293 | Lair:4   | 17293 ||| FLEEEEING.
 17294 | Lair:4   | 17294 ||| FLEEEEING.
 17295 | Lair:4   | 17295 ||| FLEEEEING.
 17296 | Lair:4   | 17296 ||| FLEEEEING.
 17297 | Lair:4   | 17297 ||| FLEEEEING.
 17298 | Lair:4   | 17298 ||| FLEEEEING.
 17299 | Lair:4   | 17299 ||| FLEEEEING.
 17300 | Lair:4   | 17300 ||| FLEEEEING.
 17301 | Lair:4   | 17301 ||| FLEEEEING.
 17302 | Lair:4   | 17302 ||| FLEEEEING.
 17303 | Lair:4   | 17303 ||| FLEEEEING.
 17304 | Lair:4   | 17304 ||| STAIRDANCE
 17427 | Lair:4   | Noticed a boulder beetle
 17431 | Lair:4   | 17431 ||| INVOKING Berserk.
 17434 | Lair:4   | Killed a boulder beetle
 17705 | Lair:4   | Noticed an eight-headed hydra
 17706 | Lair:4   | 17706 ||| Stepping ~*~*~tactically~*~*~ (stealth).
 17708 | Lair:4   | 17708 ||| INVOKING Brothers in Arms.
 17710 | Lair:4   | 17710 ||| SWAPPING to +11 whip "Giantslayer" {venom, rPois
                  | Int+3, mikee}.
 17711 | Lair:4   | 17711 ||| INVOKING Berserk.
 17715 | Lair:4   | Killed an eight-headed hydra
 17716 | Lair:4   | Reached XP level 13. HP: 125/125 MP: 12/12
 17729 | Lair:4   | 17729 ||| SWAPPING to +10 war axe of Massacring {vorpal,
                  | rC++ rN++}.
 17862 | Lair:4   | 17862 ||| INVOKING Berserk.
 17866 | Lair:4   | Reached skill level 15 in Fighting
 18097 | Lair:4   | Identified the +6 sling of Wisdom {venom, rC- Will+ Int+4
                  | SInv}
 18432 | Lair:4   | 18432 ||| READING scroll labelled GUCRESTAPH.
 18433 | Lair:4   | 18433 ||| READING 12 scrolls of teleportation.
 18459 | Lair:5   | Entered Level 5 of the Lair of Beasts
 18504 | Lair:5   | 18504 ||| INVOKING Berserk.
 18600 | Lair:5   | 18600 ||| INVOKING Berserk.
 18729 | Lair:5   | 18729 ||| INVOKING Berserk.
 18732 | Lair:5   | Found a white marble altar of Elyvilon.
 18985 | Lair:5   | 18985 ||| Stepping ~*~*~tactically~*~*~ (stealth).
 18986 | Lair:5   | 18986 ||| Stepping ~*~*~tactically~*~*~ (stealth).
 19038 | Lair:5   | 19038 ||| SWAPPING to +11 whip "Giantslayer" {venom, rPois
                  | Int+3, mikee}.
 19039 | Lair:5   | 19039 ||| INVOKING Berserk.
 19047 | Lair:5   | 19047 ||| SWAPPING to +10 war axe of Massacring {vorpal,
                  | rC++ rN++}.
 19342 | Lair:5   | 19342 ||| INVOKING Berserk.
 19581 | Lair:5   | 19581 ||| INVOKING Berserk.
 19725 | Lair:5   | 19725 ||| Stepping ~*~*~tactically~*~*~ (stealth).
 19727 | Lair:5   | 19727 ||| Stepping ~*~*~tactically~*~*~ (stealth).
 19732 | Lair:5   | 19732 ||| INVOKING Berserk.
 19750 | Lair:5   | Reached skill level 9 in Throwing
 19772 | Lair:5   | 19772 ||| FLEEEEING.
 19773 | Lair:5   | 19773 ||| FLEEEEING.
 19774 | Lair:5   | 19774 ||| FLEEEEING.
 19775 | Lair:5   | 19775 ||| FLEEEEING.
 19777 | Lair:5   | 19777 ||| FLEEEEING.
 19790 | Lair:5   | 19790 ||| INVOKING Berserk.
 19793 | Lair:5   | Reached skill level 16 in Fighting
 20111 | Lair:5   | 20111 ||| INVOKING Berserk.
 20275 | Lair:5   | 20275 ||| Stepping ~*~*~tactically~*~*~ (cloud).
 20277 | Lair:5   | 20277 ||| INVOKING Berserk.
 20475 | Lair:5   | Found a viscous altar of Jiyva.
 20476 | Lair:5   | Found a staircase to the Slime Pits.
 20848 | Lair:5   | 20848 ||| PLANNING D:1-11
 20943 | D:10     | 20943 ||| Stepping ~*~*~tactically~*~*~ (stealth).
 20946 | D:10     | 20946 ||| Stepping ~*~*~tactically~*~*~ (stealth).
 20950 | D:10     | 20950 ||| Stepping ~*~*~tactically~*~*~ (hiding).
 20960 | D:10     | 20960 ||| Stepping ~*~*~tactically~*~*~ (stealth).
 20961 | D:10     | 20961 ||| Stepping ~*~*~tactically~*~*~ (stealth).
 20969 | D:10     | 20969 ||| INVOKING Berserk.
 20979 | D:10     | Found a stormy altar of Qazlal.
 20982 | D:10     | Found an ancient bone altar of Kikubaaqudgha.
 20982 | D:10     | Found a glowing golden altar of the Shining One.
 20982 | D:10     | Found a blossoming altar of Fedhas.
 20991 | D:10     | 20991 ||| Stepping ~*~*~tactically~*~*~ (cloud).
 21064 | D:10     | 21064 ||| Stepping randomly (disturbance).
 21065 | D:10     | 21065 ||| Stepping randomly (disturbance).
 21081 | D:10     | 21081 ||| INVOKING Brothers in Arms.
 21082 | D:10     | 21082 ||| INVOKING Brothers in Arms.
 21083 | D:10     | 21083 ||| INVOKING Brothers in Arms.
 21084 | D:10     | 21084 ||| SWAPPING to +11 whip "Giantslayer" {venom, rPois
                  | Int+3, mikee}.
 21085 | D:10     | 21085 ||| INVOKING Berserk.
 21090 | D:10     | 21090 ||| SWAPPING to +10 war axe of Massacring {vorpal,
                  | rC++ rN++}.
 21176 | D:10     | 21176 ||| INVOKING Berserk.
 21181 | D:10     | Reached XP level 14. HP: 137/137 MP: 13/13
 21246 | D:10     | Found the ring of the Tortoise {AC+8}
 21248 | D:10     | Identified the ring "Ziluit" {rF- AC+4 Int+8 Dex+3 Slay+2}
 21259 | D:10     | 21259 ||| FLEEEEING.
 21260 | D:10     | 21260 ||| FLEEEEING.
 21261 | D:10     | 21261 ||| FLEEEEING.
 21262 | D:10     | 21262 ||| FLEEEEING.
 21263 | D:10     | 21263 ||| FLEEEEING.
 21264 | D:10     | 21264 ||| FLEEEEING.
 21265 | D:10     | 21265 ||| FLEEEEING.
 21266 | D:10     | 21266 ||| FLEEEEING.
 21267 | D:10     | 21267 ||| FLEEEEING.
 21268 | D:10     | 21268 ||| FLEEEEING.
 21269 | D:10     | 21269 ||| FLEEEEING.
 21270 | D:10     | 21270 ||| FLEEEEING.
 21271 | D:10     | 21271 ||| FLEEEEING.
 21321 | D:10     | 21321 ||| INVOKING Berserk.
 21517 | D:10     | 21517 ||| Stepping ~*~*~tactically~*~*~ (stealth).
 21518 | D:10     | 21518 ||| Stepping ~*~*~tactically~*~*~ (stealth).
 21519 | D:10     | 21519 ||| Stepping ~*~*~tactically~*~*~ (stealth).
 21669 | D:10     | 21669 ||| FLEEEEING.
 21670 | D:10     | 21670 ||| FLEEEEING.
 21671 | D:10     | 21671 ||| FLEEEEING.
 21672 | D:10     | 21672 ||| FLEEEEING.
 21673 | D:10     | 21673 ||| FLEEEEING.
 21674 | D:10     | 21674 ||| FLEEEEING.
 21675 | D:10     | 21675 ||| FLEEEEING.
 21676 | D:10     | 21676 ||| FLEEEEING.
 21677 | D:10     | 21677 ||| FLEEEEING.
 21711 | D:10     | 21711 ||| Stepping ~*~*~tactically~*~*~ (stealth).
 22083 | D:10     | 22083 ||| UPGRADING to amulet of guardian spirit.
 22088 | D:10     | 22088 ||| UPGRADING to ring "Ziluit" {rF- AC+4 Int+8 Dex+3
                  | Slay+2}.
 22090 | D:10     | 22090 ||| UPGRADING to ring of the Tortoise {AC+8}.
 22092 | D:10     | 22092 ||| DROPPING +6 ring of strength.
 22093 | D:10     | 22093 ||| UPGRADING to ring of poison resistance.
 22095 | D:10     | 22095 ||| UPGRADING to ring "Ziluit" {rF- AC+4 Int+8 Dex+3
                  | Slay+2}.
 22097 | D:10     | 22097 ||| READING 12 scrolls of identify.
 22097 | D:10     | 22097 ||| IDENTIFYING fizzy clear potion
 22271 | D:11     | 22271 ||| Stepping ~*~*~tactically~*~*~ (hiding).
 22272 | D:11     | 22272 ||| INVOKING Trog's Hand.
 22276 | D:11     | 22276 ||| INVOKING Berserk.
 22403 | D:11     | Noticed Gastronok
 22413 | D:11     | Killed Gastronok
 22414 | D:11     | Reached skill level 17 in Fighting
 22430 | D:11     | Found a runed translucent door.
 22450 | D:11     | Found an ancient bone altar of Kikubaaqudgha.
 22460 | D:11     | Noticed Maurice
 22474 | D:11     | Killed Maurice
 22654 | D:11     | Found Voijone's Jewellery Emporium.
 22669 | D:11     | 22669 ||| BUYING amulet of regeneration (390 gold).
 22669 | D:11     | Bought an amulet of regeneration for 390 gold pieces
 22669 | D:11     | 22669 ||| SHOPLISTING ring of Lidetz {Dex+3 SInv} (367
                  | gold, have 344).
 22669 | D:11     | 22669 ||| BUYING ring of protection from fire (325 gold).
 22669 | D:11     | Bought a ring of protection from fire for 325 gold pieces
 22715 | D:11     | Noticed Urug
 22720 | D:11     | 22720 ||| INVOKING Berserk.
 22726 | D:11     | Killed Urug
 22869 | D:11     | 22869 ||| FLEEEEING.
 22871 | D:11     | 22871 ||| FLEEEEING.
 22872 | D:11     | 22872 ||| FLEEEEING.
 22873 | D:11     | 22873 ||| FLEEEEING.
 22874 | D:11     | 22874 ||| FLEEEEING.
 22875 | D:11     | 22875 ||| FLEEEEING.
 22876 | D:11     | 22876 ||| FLEEEEING.
 22877 | D:11     | 22877 ||| FLEEEEING.
 22878 | D:11     | 22878 ||| FLEEEEING.
 22879 | D:11     | 22879 ||| FLEEEEING.
 22880 | D:11     | 22880 ||| FLEEEEING.
 22961 | D:11     | Noticed Xaxieg's ghost (journeyman GnSk)
 23179 | D:11     | Found a staircase to the Orcish Mines.
 23183 | D:11     | 23183 ||| Stepping ~*~*~tactically~*~*~ (hiding).
 23201 | D:11     | 23201 ||| FLEEEEING.
 23202 | D:11     | 23202 ||| FLEEEEING.
 23291 | D:11     | 23291 ||| DROPPING +11 whip "Giantslayer" {venom, rPois
                  | Int+3, mikee}.
 23505 | D:11     | 23505 ||| PLANNING D
 23505 | D:11     | 23505 ||| UPGRADING to +1 hat.
 23576 | D:12     | 23576 ||| FLEEEEING.
 23577 | D:12     | 23577 ||| FLEEEEING.
 23578 | D:12     | 23578 ||| FLEEEEING.
 23583 | D:12     | 23583 ||| FLEEEEING.
 23584 | D:12     | 23584 ||| FLEEEEING.
 23586 | D:12     | 23586 ||| STAIRDANCE
 23765 | D:12     | Found Amaugy's Overcharged Wands.
 23772 | D:12     | 23772 ||| INVOKING Berserk.
 23910 | D:12     | 23910 ||| Stepping ~*~*~tactically~*~*~ (hiding).
 23921 | D:12     | Reached skill level 15 in Armour
 24046 | D:12     | 24046 ||| Stepping ~*~*~tactically~*~*~ (stealth).
 24052 | D:12     | 24052 ||| Stepping ~*~*~tactically~*~*~ (stealth).
 24240 | D:12     | 24240 ||| READING scroll of enchant armour.
 24240 | D:12     | 24240 ||| ENCHANTING +0 pair of gloves.
 24374 | D:13     | 24374 ||| INVOKING Berserk.
 24379 | D:13     | Reached ***** piety under Trog
 24643 | D:13     | 24643 ||| FLEEEEING.
 24981 | D:13     | Received a gift from Trog
 25022 | D:13     | 25022 ||| FLEEEEING.
 25023 | D:13     | 25023 ||| FLEEEEING.
 25024 | D:13     | 25024 ||| FLEEEEING.
 25025 | D:13     | 25025 ||| FLEEEEING.
 25310 | D:13     | 25310 ||| Stepping ~*~*~tactically~*~*~ (stealth).
 25312 | D:13     | 25312 ||| Stepping ~*~*~tactically~*~*~ (stealth).
 25333 | D:13     | 25333 ||| FLEEEEING.
 25335 | D:13     | 25335 ||| FLEEEEING.
 25424 | D:13     | 25424 ||| FLEEEEING.
 25508 | D:13     | 25508 ||| FLEEEEING.
 25509 | D:13     | 25509 ||| FLEEEEING.
 25580 | D:13     | 25580 ||| FLEEEEING.
 25581 | D:13     | 25581 ||| FLEEEEING.
 25675 | D:13     | 25675 ||| FLEEEEING.
 25753 | D:13     | 25753 ||| Stepping ~*~*~tactically~*~*~ (stealth).
 25758 | D:13     | 25758 ||| FLEEEEING.
 25759 | D:13     | 25759 ||| FLEEEEING.
 25760 | D:13     | 25760 ||| FLEEEEING.
 25854 | D:13     | 25854 ||| FLEEEEING.
 25855 | D:13     | 25855 ||| FLEEEEING.
 25856 | D:13     | 25856 ||| FLEEEEING.
 25857 | D:13     | 25857 ||| FLEEEEING.
 25858 | D:13     | 25858 ||| FLEEEEING.
 25859 | D:13     | 25859 ||| FLEEEEING.
 25860 | D:13     | 25860 ||| FLEEEEING.
 25990 | D:13     | 25990 ||| FLEEEEING.
 25991 | D:13     | 25991 ||| FLEEEEING.
 25992 | D:13     | 25992 ||| FLEEEEING.
 26108 | D:13     | 26108 ||| INVOKING Trog's Hand.
 26111 | D:13     | 26111 ||| FLEEEEING.
 26112 | D:13     | 26112 ||| FLEEEEING.
 26113 | D:13     | 26113 ||| FLEEEEING.
 26114 | D:13     | 26114 ||| FLEEEEING.
 26115 | D:13     | 26115 ||| FLEEEEING.
 26116 | D:13     | 26116 ||| FLEEEEING.
 26117 | D:13     | 26117 ||| FLEEEEING.
 26124 | D:13     | 26124 ||| INVOKING Berserk.
 26139 | D:13     | Reached skill level 18 in Fighting
 26275 | D:13     | 26275 ||| INVOKING Trog's Hand.
 26297 | D:13     | Found a gate to the Vaults.
 26353 | D:13     | 26353 ||| Stepping ~*~*~tactically~*~*~ (stealth).
 26385 | D:13     | 26385 ||| Stepping ~*~*~tactically~*~*~ (hiding).
 26386 | D:13     | 26386 ||| Stepping ~*~*~tactically~*~*~ (hiding).
 26400 | D:13     | Reached skill level 9 in Dodging
 26526 | D:13     | 26526 ||| UPGRADING to +2 kite shield.
 26531 | D:13     | 26531 ||| DRINKING 2 yellow potions.
 26532 | D:13     | 26532 ||| DROPPING potion of brilliance.
 26571 | D:14     | 26571 ||| INVOKING Brothers in Arms.
 26572 | D:14     | 26572 ||| INVOKING Brothers in Arms.
 26573 | D:14     | 26573 ||| INVOKING Brothers in Arms.
 26575 | D:14     | 26575 ||| SWAPPING to +0 morningstar.
 26576 | D:14     | 26576 ||| INVOKING Berserk.
 26581 | D:14     | Reached skill level 1 in Shields
 26591 | D:14     | 26591 ||| SWAPPING to +10 war axe of Massacring {vorpal,
                  | rC++ rN++}.
 26742 | D:14     | 26742 ||| Stepping ~*~*~tactically~*~*~ (hiding).
 26743 | D:14     | 26743 ||| Stepping ~*~*~tactically~*~*~ (hiding).
 26823 | D:14     | 26823 ||| INVOKING Brothers in Arms.
 26824 | D:14     | 26824 ||| INVOKING Berserk.
 26834 | D:14     | Reached skill level 3 in Shields
 26959 | D:14     | 26959 ||| DRINKING 15 potions of curing.
 26959 | D:14     | 26959 ||| (to cure confusion)
 26960 | D:14     | 26960 ||| INVOKING Trog's Hand.
 26987 | D:14     | Reached XP level 15. HP: 139/149 MP: 12/14
 27039 | D:14     | 27039 ||| Stepping ~*~*~tactically~*~*~ (hiding).
 27204 | D:14     | Reached skill level 6 in Shields
 27277 | D:14     | Found a glowing silver altar of Zin.
 27642 | D:15     | Entered Level 15 of the Dungeon
 27693 | D:15     | 27693 ||| Stepping ~*~*~tactically~*~*~ (hiding).
 27699 | D:15     | 27699 ||| Stepping ~*~*~tactically~*~*~ (stealth).
 27700 | D:15     | 27700 ||| INVOKING Trog's Hand.
 27701 | D:15     | 27701 ||| INVOKING Berserk.
 27833 | D:15     | 27833 ||| DROPPING +0 morningstar.
 27883 | D:15     | Found a portal to a secret trove of treasure.
 27928 | D:15     | 27928 ||| Stepping ~*~*~tactically~*~*~ (stealth).
 27930 | D:15     | 27930 ||| Stepping ~*~*~tactically~*~*~ (stealth).
 27933 | D:15     | 27933 ||| STAIRDANCE
 27942 | D:15     | 27942 ||| STAIRDANCE
 27947 | D:14     | Reached skill level 9 in Shields
 28042 | D:15     | 28042 ||| STAIRDANCE
 28161 | D:15     | 28161 ||| STAIRDANCE
 28169 | D:15     | 28169 ||| STAIRDANCE
 28175 | D:14     | 28175 ||| READING scroll of enchant armour.
 28175 | D:14     | 28175 ||| ENCHANTING +1 pair of gloves.
 28179 | D:15     | 28179 ||| INVOKING Trog's Hand.
 28180 | D:15     | 28180 ||| STAIRDANCE
 28182 | D:14     | 28182 ||| INVOKING Berserk.
 28294 | D:15     | 28294 ||| INVOKING Trog's Hand.
 28295 | D:15     | 28295 ||| STAIRDANCE
 28297 | D:14     | 28297 ||| INVOKING Berserk.
 28485 | D:15     | 28485 ||| Stepping ~*~*~tactically~*~*~ (hiding).
 28487 | D:15     | 28487 ||| Stepping ~*~*~tactically~*~*~ (stealth).
 28489 | D:15     | 28489 ||| INVOKING Berserk.
 28673 | D:15     | Found a staircase to the Depths.
 28724 | D:15     | 28724 ||| SWAPPING to +1 morningstar of draining.
 28725 | D:15     | 28725 ||| INVOKING Berserk.
 28740 | D:15     | 28740 ||| SWAPPING to +10 war axe of Massacring {vorpal,
                  | rC++ rN++}.
 28847 | D:15     | 28847 ||| DROPPING +1 morningstar of draining.
 28914 | D:15     | 28914 ||| Stepping ~*~*~tactically~*~*~ (hiding).
 28915 | D:15     | 28915 ||| Stepping ~*~*~tactically~*~*~ (hiding).
 28936 | D:15     | 28936 ||| READING 14 scrolls of teleportation.
 28995 | D:15     | 28995 ||| Stepping ~*~*~tactically~*~*~ (hiding).
 28996 | D:15     | 28996 ||| Stepping ~*~*~tactically~*~*~ (hiding).
 29244 | D:15     | 29244 ||| INVOKING Berserk.
 29414 | D:15     | 29414 ||| READING 13 scrolls of teleportation.
 29486 | D:15     | Found a shimmering altar of Xom.
 29588 | D:15     | 29588 ||| PLANNING ORC
 29701 | Orc:1    | Entered Level 1 of the Orcish Mines
 29705 | Orc:1    | 29705 ||| INVOKING Berserk.
 29726 | Orc:1    | 29726 ||| INVOKING Trog's Hand.
 29726 | Orc:1    | Noticed an orc warlord
 29734 | Orc:1    | Reached skill level 12 in Shields
 29734 | Orc:1    | HP: 34/149 [orc sorcerer/bolt of fire[an orc warlord] (49)]
 29735 | Orc:1    | 29735 ||| READING 12 scrolls of teleportation.
 29736 | Orc:1    | 29736 ||| DRINKING 5 potions of heal wounds.
 29737 | Orc:1    | 29737 ||| DRINKING 4 potions of heal wounds.
 29744 | Orc:1    | HP: 35/149 [orc warrior/+0 glaive[an orc knight] (3)]
 29745 | Orc:1    | 29745 ||| READING 11 scrolls of teleportation.
 29746 | Orc:1    | 29746 ||| DRINKING 3 potions of heal wounds.
 29758 | Orc:1    | 29758 ||| INVOKING Brothers in Arms.
 29759 | Orc:1    | 29759 ||| INVOKING Brothers in Arms.
 29760 | Orc:1    | 29760 ||| INVOKING Brothers in Arms.
 29761 | Orc:1    | 29761 ||| INVOKING Brothers in Arms.
 29762 | Orc:1    | 29762 ||| INVOKING Brothers in Arms.
 29765 | Orc:1    | 29765 ||| INVOKING Berserk.
 29774 | Orc:1    | HP: 28/149 [deep elf zephyrmancer/bolt of lightning (20)]
 29775 | Orc:1    | 29775 ||| READING 10 scrolls of teleportation.
 29776 | Orc:1    | 29776 ||| DRINKING 2 potions of heal wounds.
 29802 | Orc:1    | 29802 ||| Stepping ~*~*~tactically~*~*~ (stealth).
 29804 | Orc:1    | Noticed an orc warlord
 29804 | Orc:1    | HP: 37/149 [warg (4)]
 29805 | Orc:1    | 29805 ||| READING 9 scrolls of teleportation.
 29806 | Orc:1    | 29806 ||| DRINKING potion of heal wounds.
 29806 | Orc:1    | Identified the +8 scimitar of the Valley of Death {elec,
                  | MP+9}
 29821 | Orc:1    | 29821 ||| INVOKING Berserk.
 29831 | Orc:1    | Killed an orc warlord
 29847 | Orc:1    | 29847 ||| INVOKING Brothers in Arms.
 29848 | Orc:1    | Noticed an orc warlord
 29850 | Orc:1    | 29850 ||| INVOKING Trog's Hand.
 29855 | Orc:1    | Killed an orc warlord
 30386 | Orc:1    | 30386 ||| Stepping ~*~*~tactically~*~*~ (hiding).
 30389 | Orc:1    | 30389 ||| Stepping ~*~*~tactically~*~*~ (hiding).
 30395 | Orc:1    | 30395 ||| INVOKING Brothers in Arms.
 30397 | Orc:1    | 30397 ||| INVOKING Brothers in Arms.
 30398 | Orc:1    | 30398 ||| INVOKING Brothers in Arms.
 30401 | Orc:1    | 30401 ||| INVOKING Berserk.
 30412 | Orc:1    | Killed an orc warlord
 30415 | Orc:1    | Found Tofun's Jewellery Shoppe.
 30525 | Orc:1    | 30525 ||| BUYING amulet of reflection (450 gold).
 30525 | Orc:1    | Bought an amulet of reflection for 450 gold pieces
 30585 | Orc:1    | 30585 ||| DROPPING amulet of regeneration.
 30586 | Orc:1    | 30586 ||| UPGRADING to amulet of reflection.
 30596 | Orc:1    | 30596 ||| DROPPING amulet of guardian spirit.
 30603 | Orc:2    | Entered Level 2 of the Orcish Mines
 30603 | Orc:2    | Noticed Azrael
 30604 | Orc:2    | 30604 ||| STAIRDANCE
 30642 | Orc:2    | 30642 ||| STAIRDANCE
 30656 | Orc:2    | 30656 ||| STAIRDANCE
 30658 | Orc:1    | 30658 ||| INVOKING Brothers in Arms.
 30659 | Orc:1    | 30659 ||| INVOKING Berserk.
 30662 | Orc:1    | Killed Azrael
 30779 | Orc:2    | 30779 ||| STAIRDANCE
 30794 | Orc:2    | 30794 ||| STAIRDANCE
 30800 | Orc:2    | 30800 ||| STAIRDANCE
 30805 | Orc:2    | 30805 ||| STAIRDANCE
 30812 | Orc:2    | 30812 ||| STAIRDANCE
 30856 | Orc:2    | Found a staircase to the Elven Halls.
 30858 | Orc:2    | Noticed Donald
 30864 | Orc:2    | 30864 ||| INVOKING Berserk.
 30872 | Orc:2    | Killed Donald
 31001 | Orc:2    | Found a large runed translucent door.
 31002 | Orc:2    | Found a large runed translucent door.
 31013 | Orc:2    | Noticed qw's ghost (adept MiBe)
 31134 | Orc:2    | Found a shimmering altar of Xom.
 31196 | Orc:2    | 31196 ||| INVOKING Trog's Hand.
 31197 | Orc:2    | 31197 ||| INVOKING Berserk.
 31203 | Orc:2    | Noticed an orc warlord
 31222 | Orc:2    | Noticed Rupert
 31227 | Orc:2    | Killed an orc warlord
 31235 | Orc:2    | 31235 ||| DRINKING 15 potions of curing.
 31235 | Orc:2    | 31235 ||| (to cure confusion)
 31236 | Orc:2    | 31236 ||| INVOKING Trog's Hand.
 31237 | Orc:2    | Killed Rupert
 31238 | Orc:2    | Reached XP level 16. HP: 121/157 MP: 15/15
 31248 | Abyss:1  | Cast into level 1 of the Abyss (orc warrior)
 31257 | Abyss:1  | 31257 ||| INVOKING Trog's Hand.
 31281 | Abyss:1  | 31281 ||| INVOKING Trog's Hand.
 31454 | Abyss:1  | 31454 ||| Stepping ~*~*~tactically~*~*~ (stealth).
 31490 | Abyss:1  | 31490 ||| Stepping ~*~*~tactically~*~*~ (stealth).
 31506 | Abyss:1  | Reached skill level 15 in Shields
 31507 | Abyss:1  | 31507 ||| Stepping ~*~*~tactically~*~*~ (stealth).
 31509 | Abyss:1  | 31509 ||| Stepping ~*~*~tactically~*~*~ (stealth).
 31510 | Abyss:1  | 31510 ||| Stepping ~*~*~tactically~*~*~ (stealth).
 31512 | Abyss:1  | 31512 ||| Stepping ~*~*~tactically~*~*~ (hiding).
 31519 | Abyss:1  | 31519 ||| Stepping ~*~*~tactically~*~*~ (stealth).
 31534 | Abyss:1  | 31534 ||| INVOKING Trog's Hand.
 31555 | Abyss:1  | 31555 ||| Stepping ~*~*~tactically~*~*~ (stealth).
 31576 | Abyss:1  | 31576 ||| Stepping ~*~*~tactically~*~*~ (stealth).
 31580 | Abyss:1  | 31580 ||| INVOKING Berserk.
 31580 | Abyss:1  | Noticed a hellephant
 31591 | Abyss:1  | 31591 ||| DRINKING potion of resistance.
 31601 | Abyss:1  | HP: 22/156 [hellephant/blast of flame (67)]
 31602 | Abyss:1  | 31602 ||| READING 8 scrolls of teleportation.
 31604 | Abyss:1  | 31604 ||| Stepping ~*~*~tactically~*~*~ (hiding).
 31604 | Abyss:1  | Killed from afar by a hellephant

Levels and vault maps discovered:
D:1:      eino_arrival_water_cross, layout_basic
D:2:      layout_basic, basic_ecumenical_altar, uniq_jessica
D:3:      layout_loops_cross, nzn_wu_jian_contemplation
D:4:      layout_basic, minmay_temple_entry_sparse_star, grunt_ministairs_15,
          uniq_grinder
D:5:      layout_loops_corners, kennysheep_little_box, fedhas_altar_2
D:6:      layout_loops_ring, mainiacjoe_overflow_concentric_impassable,
          gammafunk_temple_overflow_statue, serial_shops, nicolae_shop_crystal
D:7:      layout_gridville, enter_bailey_5, uniq_crazy_yiuf_cottage
D:8:      layout_cave_pools
D:9:      minmay_razor_zed, layout_long_grid, gammafunk_ghost_smash,
          serial_park_tiny_pond
D:10:     minmay_the_grid_octo_triangle [minmay_the_grid_octo_clover_2,
          minmay_the_grid_octo_prize_single_spiral,
          minmay_the_grid_octo_shrine], layout_irregular_city
D:11:     layout_basic, kennysheep_orc_monster_closet_entryway, serial_shops,
          shop, ebering_ghost_inner_flame, serial_ice, serial_ice_k,
          serial_ice_o, serial_ice_d, serial_ice_f,
          portal_ice_cave_entry_pillars_2, nicolae_kikubaaqudgha_miasma_corner,
          uniq_urug, uniq_maurice, uniq_gastronok
D:12:     layout_basic, nicolae_transmutations_shop,
          nicolae_shop_overcharged_wands
D:13:     layout_roguey [special_room_bee], grunt_vaults_entry_fortified,
          serial_bayou, serial_bayou_lagoon_a, serial_bayou_shore_a,
          serial_bayou_pond_d, serial_bayou_pond_e
D:14:     layout_irregular_city, eino_curves_02, kennysheep_small_circle
D:15:     grunt_enter_depths_hoard, layout_stronghold, trove_entry_hex_spiral,
          tgw_xom
Lair:1:   layout_cave_pods, infiniplex_staircase_pool_2, lemuel_fruit_tree
Lair:2:   layout_cave_pods, guppyfry_snake_entry_island, serial_bayou_shore_b,
          uniq_sonja
Lair:3:   layout_gridlike, minmay_shoals_entry_hut, st_stairs_10,
          chequers_serial_rivers_micro_d, nicolae_lair_grazing_beasts
          [nicolae_sub_lair_graze_edge, nicolae_sub_lair_graze_edge,
          nicolae_sub_lair_graze_edge, nicolae_sub_lair_graze_edge]
Lair:4:   layout_regular_city, minmay_holes
Lair:5:   evilmike_catoblepas_cave, layout_gridlike, minmay_slime_entry_pillars,
          basic_altar, st_stairs_4
Orc:1:    layout_caves, minmay_shop_enchanted_jewellery, elf_legates
Orc:2:    st_orc_town, layout_caves, ebering_ghost_disaster_area, basic_altar,
          uniq_rupert, uniq_azrael, uniq_donald
Abyss:1:  base:
D:6

Skill      XL: |  1  2  3  4  5  6  7  8  9 10 11 12 13 14 15 16 |
---------------+-------------------------------------------------+-----
Axes           | 4 5 6 8 9 10 12 14 16 | 16.1
Fighting       | 4 6 7 8 10 13 14 16 18 | 18.0
Armour         | 3 4 6 7 10 12 14 15 | 15.1
Throwing       | 1 2 6 9 10 | 10.0
Dodging        | 3 4 6 7 9 |  9.1
Shields        | 4 14 15 | 15.6

Action                   |  1- 3 |  4- 6 |  7- 9 | 10-12 | 13-15 | 16-18 || total
-------------------------+-------+-------+-------+-------+-------+-------++-------
Melee: Hand axe          |    48 |       |       |       |       |       ||    48
       Headbutt          |     8 |     5 |    23 |    61 |   152 |    17 ||   266
       War axe           |    18 |    73 |   174 |   310 |   727 |    69 ||  1371
       Punch             |       |       |       |     4 |     9 |       ||    13
       Whip              |       |       |       |     6 |     3 |       ||     9
       Morningstar       |       |       |       |       |    17 |       ||    17
Throw: Boomerang         |       |       |    16 |    98 |    23 |       ||   137
       Javelin           |       |       |       |    11 |   133 |       ||   144
Invok: Berserk           |     2 |     2 |    10 |    30 |    35 |     1 ||    80
       Trog's Hand       |       |     1 |       |       |    11 |     3 ||    15
       Brothers in Arms  |       |       |       |     2 |     7 |       ||     9
  Use: Scroll            |     5 |     7 |     8 |     5 |    11 |     1 ||    37
       Potion            |       |     1 |     2 |       |     8 |     1 ||    12
 Stab: Distracted        |       |       |       |     1 |       |       ||     1
Armor: Animal skin       |     6 |       |       |       |       |       ||     6
       Leather armour    |     8 |       |       |       |       |       ||     8
       Ring mail         |       |    12 |       |       |       |       ||    12
       Chain mail        |       |     7 |    46 |       |       |       ||    53
       Plate armour      |       |       |    38 |   143 |   453 |    39 ||   673
Dodge: Dodged            |    31 |    24 |    76 |    78 |   303 |    16 ||   528
Block: Kite shield       |       |       |       |       |   277 |    75 ||   352
       Reflection        |       |       |       |       |     1 |     2 ||     3

Table legend:
 A = Non-vault XP
 B = Vault XP
 C = Vault XP percentage of total XP
 D = Non-vault monster count
 E = Vault monster count
 F = Vault count percentage of total count
                 A         B        C        D         E       F
            +---------+---------+-------+---------+---------+-------
      Total |  104800 |   58415 |  35.8 |     553 |     194 |  26.0
            +---------+---------+-------+---------+---------+-------
        D:1 |      33 |       0 |   0.0 |      23 |       0 |   0.0
        D:2 |      47 |      37 |  44.0 |      10 |       1 |   9.1
        D:3 |     128 |       0 |   0.0 |      27 |       0 |   0.0
        D:4 |     217 |     301 |  58.1 |      15 |       3 |  16.7
        D:5 |     459 |       0 |   0.0 |      15 |       0 |   0.0
        D:6 |     802 |       0 |   0.0 |      20 |       0 |   0.0
        D:7 |    1158 |       8 |   0.7 |      28 |       4 |  12.5
        D:8 |     774 |       0 |   0.0 |      14 |       0 |   0.0
        D:9 |    2108 |    1516 |  41.8 |      24 |      12 |  33.3
       D:10 |    1893 |    6431 |  77.3 |      13 |      19 |  59.4
       D:11 |    5566 |    5760 |  50.9 |      22 |      33 |  60.0
       D:12 |    6513 |       0 |   0.0 |      22 |       0 |   0.0
       D:13 |    5165 |    9289 |  64.3 |      21 |      35 |  62.5
       D:14 |   16442 |     562 |   3.3 |      31 |       1 |   3.1
       D:15 |   13679 |    3486 |  20.3 |      41 |       9 |  18.0
     Lair:1 |    5438 |       0 |   0.0 |      20 |       0 |   0.0
     Lair:2 |    2605 |    1252 |  32.5 |      12 |       4 |  25.0
     Lair:3 |    7184 |    4447 |  38.2 |      26 |       9 |  25.7
     Lair:4 |    6594 |       0 |   0.0 |      25 |       0 |   0.0
     Lair:5 |    8821 |   12534 |  58.7 |      30 |      29 |  49.2
      Orc:1 |    7951 |    8393 |  51.4 |      81 |      23 |  22.1
      Orc:2 |    2747 |    4399 |  61.6 |      13 |      12 |  48.0
    Abyss:1 |    8476 |       0 |   0.0 |      20 |       0 |   0.0
            +---------+---------+-------+---------+---------+-------
